 Dungeon Crawl Stone Soup version 0.30.0 (webtiles) character file.

Game seed: 3791179120969835350

898 infinitevox the Covered (level 7, -3/52 HPs)
             Began as a Demonspawn Fighter on May 6, 2023.
             Slain by Duvessa
             ... wielding a +0 rapier
              (7 damage)
             ... on level 4 of the Dungeon.
             The game lasted 00:16:09 (2939 turns).

infinitevox the Covered (Demonspawn Fighter)        Turns: 2939, Time: 00:16:10

Health: -3/52      AC:  8    Str: 16      XL:     7   Next: 79%
Magic:  7/7        EV: 11    Int:  9      God:
Gold:   175        SH:  5    Dex: 14 (15) Spells: 6/6 levels left

rFire   + . .        h - +1 short sword (speed)
rCold   . . .        c - +0 buckler
rNeg    . . .        b - +0 scale mail
rPois   +            (no helmet)
rElec   .            (no cloak)
rCorr   .            (no gloves)
SInv    .            d - +0 pair of boots
Will    .....        (no amulet) Stlth
                     l - ring of poison resistance
HPRegen 0.28/turn    s - ring of protection from fire
MPRegen 0.10/turn

%: no passive effects
@: invisible
A: repulsion field 1, ignite blood 1, powered by death 1, weakness stinger 1
a: no special abilities


You were on level 4 of the Dungeon.
You visited 1 branch of the dungeon, and saw 4 of its levels.

You collected 175 gold pieces.

Inventory:

Hand Weapons
 a - a +1 long sword
 f - a +0 spear of distortion
 h - a +1 short sword of speed (weapon)
Missiles
 g - a curare-tipped dart (quivered)
Armour
 b - a +0 scale mail (worn)
 c - a +0 buckler (worn)
 d - a +0 pair of boots (worn)
Jewellery
 l - a ring of poison resistance (left hand)
 s - a ring of protection from fire (right hand)
Scrolls
 e - a scroll of magic mapping {unknown}
 n - a scroll of blinking
 q - a scroll of teleportation {unknown}
 u - a scroll of silence {unknown}
 w - a scroll of vulnerability {unknown}
Potions
 m - a potion of mutation {unknown}
 r - a potion of attraction {unknown}
 v - a potion of flight {unknown}
 x - a potion of ambrosia {unknown}
 z - 2 potions of haste


   Skills:
 + Level 3.3 Fighting
 + Level 5.4 Long Blades
 - Level 6.0 Armour
 - Level 4.0 Shields


You had 6 spell levels left.
You didn't know any spells.
Your spell library was empty.

Dungeon Overview and Level Annotations

Branches:
Dungeon (4/15)
 Temple: D:4-7

Altars:

Annotations:
D:4 Duvessa


Innate Abilities, Weirdness & Mutations

You are surrounded by a mild repulsion field. (EV +2)
Your demonic aura sometimes causes spilled blood to erupt in flames.
You regenerate a little health from kills.
You have a small tail.


Message History

Duvessa is heavily wounded.
Duvessa barely misses you.
You hit Duvessa.
Duvessa is heavily wounded.
You hit Duvessa but do no damage.
Your tail-slap misses Duvessa.
Duvessa is heavily wounded.
Duvessa hits you with a +0 rapier.
Duvessa is engulfed in blazing flames.
Duvessa barely misses you.
You barely miss Duvessa.
Duvessa is heavily wounded.
Duvessa is engulfed in blazing flames.
Duvessa closely misses you.
You closely miss Duvessa.
Your tail-slap misses Duvessa.
Duvessa is severely wounded.
Duvessa is engulfed in blazing flames.
Duvessa barely misses you.
You hit Duvessa but do no damage.
Duvessa is severely wounded.
You flicker back into view.
Duvessa is engulfed in blazing flames.
Duvessa hits you with a +0 rapier!
You hit Duvessa but do no damage.
Duvessa is almost dead.
You fade into invisibility!
Duvessa barely misses you. x2
You hit Duvessa.
Duvessa is almost dead.
Duvessa is engulfed in blazing flames.
Duvessa hits you with a +0 rapier!
* * * LOW HITPOINT WARNING * * *
Duvessa is engulfed in blazing flames.
You hit Duvessa but do no damage.
Duvessa is almost dead.
Duvessa barely misses you.
You hit Duvessa but do no damage.
Duvessa is almost dead.
Duvessa hits you with a +0 rapier.
* * * LOW HITPOINT WARNING * * *
Duvessa misses you.
You see here a +0 spear.
You closely miss Duvessa.
Your tail-slap misses Duvessa.
Duvessa is almost dead.
Duvessa hits you with a +0 rapier!
You die...

#######...#...†#.#.#.#.#.#...#
##)..# #.......†........#.#...#
#....###.......##.#.......#...#
.....'.).>.#............#.#...#
.....###........#[#######.#...#
#....# #..#..##.#.............#
#####.##........#.#######.#.#.#
#.##....#############.#.#.#
#.##...))..)@e....!.....#.#
#.......##########......#.#
#..#....# #.######.# #.......#
##### #.# #.# ##......#......
#.# #.# #...........# #.# #.#
####.........# #.# #.#
#............# #.# #.#
####........## #.######.#


You could see Duvessa (berserk, unable to see you).

Vanquished Creatures
  Pikel (D:4)
  Eustachio (D:4)
  Dowan (D:4)
  A sleepcap (D:4)
  An orc wizard (D:3)
  4 gnolls (D:4)
  4 adders
  A worm (D:4)
  5 dart slugs
  7 orcs
  7 endoplasms
  4 hobgoblins
  11 jackals
  11 kobolds
  A quokka (D:1)
  10 ball pythons
  11 bats
  2 frilled lizards (D:2)
  3 goblins
  4 rats
90 creatures vanquished.

Notes
Turn   | Place    | Note
-------+----------+-------------------------------------------
     0 | D:1      | infinitevox the Demonspawn Fighter began the quest for the
                  | Orb.
     0 | D:1      | Reached XP level 1. HP: 18/18 MP: 1/1
    55 | D:1      | Found a faded altar of an unknown god.
   193 | D:1      | Gained mutation: You are surrounded by a mild repulsion
                  | field. (EV +2) [demonic ancestry]
   193 | D:1      | Reached XP level 2. HP: 22/24 MP: 2/2
   389 | D:1      | Reached skill level 3 in Armour
  1000 | D:2      | Reached XP level 3. HP: 29/29 MP: 3/3
  1623 | D:3      | Reached XP level 4. HP: 31/35 MP: 4/4
  2151 | D:4      | Gained mutation: Your demonic aura sometimes causes spilled
                  | blood to erupt in flames. [demonic ancestry]
  2151 | D:4      | Reached XP level 5. HP: 19/41 MP: 5/5
  2270 | D:4      | Noticed Eustachio
  2297 | D:4      | Killed Eustachio
  2298 | D:4      | Reached skill level 4 in Armour
  2298 | D:4      | Gained mutation: You have a small tail. [demonic ancestry]
  2298 | D:4      | Reached XP level 6. HP: 47/47 MP: 6/6
  2311 | D:4      | Noticed Pikel
  2336 | D:4      | Killed Pikel
  2337 | D:4      | Reached skill level 5 in Long Blades
  2337 | D:4      | Reached skill level 5 in Armour
  2337 | D:4      | Gained mutation: You regenerate a little health from kills.
                  | [demonic ancestry]
  2337 | D:4      | Reached XP level 7. HP: 52/52 MP: 7/7
  2588 | D:4      | Reached skill level 6 in Armour
  2742 | D:4      | Noticed Dowan
  2785 | D:4      | Killed Dowan
  2790 | D:4      | Noticed Duvessa
  2939 | D:4      | Slain by Duvessa

Illustrated notes

Levels and vault maps discovered:
D:1:      lemuel_arrival_funnel, layout_basic,
          dreamdust_ecumenical_altar_hidden_monk_grotto
D:2:      layout_rooms, kennysheep_generic_room_5
D:3:      layout_rooms
D:4:      layout_basic, overflow_temple_1_default,
          nicolae_overflow_hidden_temple, lemuel_temple_firewalk_a,
          uniq_duvessa, uniq_pikel, uniq_eustachio

Skill      XL: |  1  2  3  4  5  6  7 |
---------------+----------------------+-----
Shields        | 3 4 |  4.0
Long Blades    | 2 3 5 |  5.4
Armour         | 3 4 5 6 |  6.0
Fighting       | |  3.3

Action                     |  1- 3 |  4- 6 |  7- 9 || total
---------------------------+-------+-------+-------++-------
  Melee: Long sword        |    38 |       |       ||    38
         Short sword       |   141 |   119 |   124 ||   384
         Tailslap          |       |       |    17 ||    17
  Throw: Dart              |       |    10 |     5 ||    15
    Use: Potion            |       |     4 |     2 ||     6
         Scroll            |       |     4 |     2 ||     6
   Stab: Invisible         |       |       |     3 ||     3
 Armour: Scale mail        |    71 |    16 |    47 ||   134
         Skin              |       |     5 |       ||     5
  Dodge: Dodged            |    71 |    34 |    92 ||   197
  Block: Buckler           |    42 |    25 |    40 ||   107
